 Dungeon Crawl Stone Soup version 0.30.0-15-g856e2d3f33 (webtiles) character file.

Game seed: 1110716961436468418

5602 Pimp the Skirmisher (level 10, -4/80 HPs)
             Began as a Demonspawn Hunter on May 18, 2023.
             Was a Priest of Okawaru.
             Slain by a wyvern (6 damage)
             ... on level 9 of the Dungeon.
             The game lasted 00:12:45 (7509 turns).

Pimp the Skirmisher (Demonspawn Hunter)             Turns: 7509, Time: 00:12:46

Health: -4/80      AC: 12    Str: 11    XL:     10   Next: 45%
Magic:  10/10      EV: 17    Int: 20    God:    Okawaru [***...]
Gold:   360        SH:  4    Dex: 22    Spells: 9/9 levels left

rFire   . . .        t - +2 arbalest
rCold   . . .        (shield currently unavailable)
rNeg    . . .        c - +0 leather armour
rPois   +            n - +2 helmet
rElec   .            D - +1 cloak {rPois}
rCorr   .            (no gloves)
SInv    +            l - +2 pair of boots
Will    +....        (no amulet)
Stlth   +++++        k - +6 ring of intelligence
HPRegen 0.33/turn    g - ring of see invisible
MPRegen 0.12/turn

%: no passive effects
@: no status effects
A: thin skeletal structure 1, foul stench 1, weakness stinger 1, hooves 1, large
bone plates 1, clever 1, strong-willed 1, evolution 1
a: Renounce Religion, Heroism


You were on level 9 of the Dungeon.
You worshipped Okawaru.
Okawaru was most pleased with you.
You visited 2 branches of the dungeon, and saw 10 of its levels.

You collected 568 gold pieces.
You spent 208 gold pieces at shops.

Inventory:

Hand Weapons
 a - a +1 shortbow
 j - a +0 rapier of speed
 t - a +2 arbalest (weapon)
Armour
 c - a +0 leather armour (worn)
 l - a +2 pair of boots (worn)
 n - a +2 helmet (worn)
 D - a +1 cloak of poison resistance (worn)
Jewellery
 g - a ring of see invisible (right hand)
 k - a +6 ring of intelligence (left hand)
 u - a ring of wizardry
 w - a ring of resist corrosion
 x - a ring of protection from cold
 y - a ring of protection from fire
Wands
 h - a wand of iceblast (9)
 o - a wand of polymorph (9)
 C - a wand of flame (21)
Scrolls
 b - a scroll of immolation
 i - 2 scrolls of fear
 m - 2 scrolls of amnesia
 p - a scroll of blinking
 q - 3 scrolls of poison
 s - a scroll of identify
 z - a scroll of teleportation
Potions
 d - 2 potions of degeneration
 e - a potion of heal wounds
 f - 2 potions of lignification
 r - 2 potions of attraction
 v - 2 potions of brilliance
 A - a potion of flight
 B - 2 potions of curing


   Skills:
 + Level 7.9 Fighting
 + Level 8.0 Ranged Weapons
 * Level 4.2 Armour
 + Level 7.2 Dodging
 - Level 6.8 Stealth


You had 9 spell levels left.
You didn't know any spells.
Your spell library contained the following spells:

 Spells                   Type           Power      Damage    Failure   Level
 Blink                    Tloc           0%         N/A       36%         2
 Cigotuvi's Dreadful Rot  Necr/Pois/Air  0%         N/A       36%         2
 Lesser Beckoning         Tloc           0%         N/A       36%         2
 Momentum Strike          Conj/Tloc      0%         3d8       36%         2
 Ignite Poison            Fire/Tmut/Pois 0%         N/A       58%         3
 Freezing Cloud           Conj/Ice/Air   0%         6-21      100%        5
 Conjure Ball Lightning   Conj/Air       0%         3x3d6     100%        6
 Discord                  Hex            0%         N/A       100%        8
 Disjunction              Tloc           0%         N/A       100%        8
 Summon Small Mammal      Summ           Unusable   N/A       N/A         1
 Call Canine Familiar     Summ           Unusable   N/A       N/A         3
 Summon Guardian Golem    Hex/Summ       Unusable   N/A       N/A         3

Dungeon Overview and Level Annotations

Branches:
Dungeon (9/15)             Temple (1/1) D:6            Lair (0/5) D:8
    Orc: D:9-12

Altars:
Ashenzari
Cheibriados
Fedhas
Gozag
Kikubaaqudgha
Makhleb
Nemelex Xobeh
Okawaru
Qazlal
Sif Muna
Trog
Vehumet
Wu Jian

Shops:
D:8 *


Innate Abilities, Weirdness & Mutations

You have a somewhat thin skeletal structure. (Dex +2, Stealth+)
You may rarely emit foul miasma when damaged in melee.
You have a small tail.
You have large cloven feet.
You are partially covered in large bone plates. (SH +4)
Your mind is acute. (Int +4, Str/Dex -1)
You are strong-willed. (Will+)
You have hidden genetic potential.


Message History

The killer bee stings you but does no damage.
The killer bee misses you.
You shoot a bolt. The bolt barely misses the killer bee.
The killer bee completely misses you. The killer bee misses you.
You block the killer bee's attack. The killer bee barely misses you.
The killer bee closely misses you. The killer bee completely misses you.
You shoot a bolt. The bolt barely misses the killer bee.
The killer bee closely misses you. The killer bee barely misses you.
The killer bee closely misses you. The killer bee barely misses you.
The killer bee stings you.
* * * LOW HITPOINT WARNING * * *
You block the killer bee's attack.
You shoot a bolt. The bolt hits the killer bee!
You kill the killer bee!
Okawaru accepts your kill. The killer bee misses you.
The killer bee barely misses you. The killer bee closely misses you.
A wyvern comes into view.
Your Ranged Weapons skill increases to level 8!
You shoot a bolt. The bolt barely misses the killer bee.
The wyvern hisses angrily.
The killer bee misses you.
The wyvern hisses menacingly.
The killer bee stings you.
* * * LOW HITPOINT WARNING * * *
The killer bee barely misses you.
You shoot a bolt. The bolt barely misses the killer bee.
The killer bee barely misses you. The killer bee completely misses you.
The killer bee misses you.
You shoot a bolt. The bolt hits the killer bee!!
You kill the killer bee!
Okawaru accepts your kill. The wyvern bites you!
* * * LOW HITPOINT WARNING * * *
You emit a cloud of foul miasma!
You shoot a bolt. The bolt hits the wyvern!
The wyvern is moderately wounded.
The wyvern is engulfed in dark miasma.
The wyvern is poisoned.
The wyvern bites you.
You die...

#.....###................#.#.## #
#..................#.....#...# #
#.....####.........#....#########
...§..# #..........########...###
.....§###..........##...###...###
#...<§§§..........##....###...###
#########........##..#..##.....##
§........#..##..#...#...#
#.....l@#..###....###.^.
#####.#.#..###....###...
###...#..####...###...
#.....†..#############
....#.....## .## #....## #.####
... ....


You could see a wyvern (poisoned).

Vanquished Creatures
  Pikel (D:5)
  Maurice (D:8)
  A hornet (D:7)
  Prince Ribbit (D:6)
  Grinder (D:6)
  A wyvern (D:8)
  A steam dragon (D:8)
  2 vampire mosquitoes (D:8)
  3 water moccasins
  Duvessa (D:6)
  An ice beast (D:7)
  3 orc warriors
  A black bear (D:5)
  4 ogres
  2 centaurs
  A lemure (D:5)
  4 bullfrogs
  5 scorpions
  2 gnoll sergeants
  8 wights
  Dowan (Temple)
  10 killer bees (D:9)
  A howler monkey (D:6)
  5 hounds
  A jelly (D:5)
  2 orc priests
  4 iguanas
  3 orc wizards
  8 gnolls
  9 adders
  A shadow imp (D:7)
  2 white imps
  4 ufetubi
  2 worms (D:2)
  2 dart slugs
  28 orcs
  14 ball pythons
  13 endoplasms
  2 giant cockroaches
  8 goblins
  11 hobgoblins
  11 jackals
  3 quokkas
  7 bats
  4 frilled lizards
  6 kobolds
  8 rats
214 creatures vanquished.

Notes
Turn   | Place    | Note
-------+----------+-------------------------------------------
     0 | D:1      | Pimp the Demonspawn Hunter began the quest for the Orb.
     0 | D:1      | Reached XP level 1. HP: 16/16 MP: 1/1
    74 | D:1      | Reached skill level 1 in Stealth
   107 | D:1      | Gained mutation: You may rarely emit foul miasma when
                  | damaged in melee. [demonic ancestry]
   107 | D:1      | Reached XP level 2. HP: 17/22 MP: 2/2
   464 | D:1      | Reached XP level 3. HP: 25/28 MP: 3/3
   628 | D:2      | Reached skill level 4 in Ranged Weapons
   738 | D:2      | Found a faded altar of an unknown god.
   808 | D:2      | Reached XP level 4. HP: 28/34 MP: 4/4
  1376 | D:3      | Reached XP level 5. HP: 34/41 MP: 5/5
  2111 | D:3      | Found a shimmering blue altar of Sif Muna.
  2224 | D:4      | Reached XP level 6. HP: 47/47 MP: 6/6
  2758 | D:4      | Found a burning altar of Makhleb.
  2988 | D:4      | Reached skill level 5 in Ranged Weapons
  3006 | D:4      | Gained mutation: You have a somewhat thin skeletal
                  | structure. (Dex +2, Stealth+) [demonic ancestry]
  3006 | D:4      | Reached XP level 7. HP: 54/54 MP: 7/7
  3209 | D:5      | Entered Level 5 of the Dungeon
  3857 | D:5      | Noticed Pikel
  3863 | D:5      | Killed Pikel
  3864 | D:5      | Reached skill level 5 in Fighting
  3864 | D:5      | Reached skill level 5 in Stealth
  3864 | D:5      | Reached XP level 8. HP: 44/62 MP: 8/8
  3886 | D:5      | Reached skill level 6 in Ranged Weapons
  3886 | D:5      | Reached skill level 5 in Dodging
  4236 | D:6      | Found an ornate altar of the Wu Jian Council.
  4389 | D:6      | Found an ancient bone altar of Kikubaaqudgha.
  4442 | D:6      | Noticed Duvessa
  4443 | D:6      | Noticed Dowan
  4451 | D:6      | Killed Duvessa
  4454 | D:6      | Found a staircase to the Ecumenical Temple.
  4464 | D:6      | Gained mutation: You have a small tail. [demonic ancestry]
  4464 | D:6      | Reached XP level 9. HP: 33/69 MP: 9/9
  4468 | Temple   | Entered the Ecumenical Temple
  4471 | Temple   | Killed Dowan
  4653 | Temple   | Became a worshipper of Warmaster Okawaru
  4689 | D:6      | Noticed Prince Ribbit
  4946 | D:6      | Killed Prince Ribbit
  5025 | D:6      | Noticed Grinder
  5029 | D:6      | Paralysed by Grinder for 4 turns
  5035 | D:6      | Killed Grinder
  5122 | D:6      | Reached skill level 7 in Ranged Weapons
  5352 | D:7      | Reached * piety under Okawaru
  5729 | D:7      | Reached skill level 1 in Armour
  6141 | D:8      | Reached ** piety under Okawaru
  6242 | D:8      | Found Biax Tenk's Changing Room.
  6252 | D:8      | Reached XP level 10. HP: 74/79 MP: 10/10
  6279 | D:8      | Noticed Maurice
  6291 | D:8      | Killed Maurice
  6369 | D:8      | Found a staircase to the Lair.
  6392 | D:8      | Bought a potion of mutation for 104 gold pieces
  6392 | D:8      | Gained mutation: Your spells are a little harder to cast,
                  | but a little more powerful. [potion of mutation]
  6392 | D:8      | Gained mutation: You are agile. (Dex +4, Str/Int -1)
                  | [potion of mutation]
  6392 | D:8      | Gained mutation: You are occasionally teleported next to
                  | monsters. [potion of mutation]
  6392 | D:8      | Gained mutation: Your mind is acute. (Int +4, Str/Dex -1)
                  | [potion of mutation]
  6393 | D:8      | Bought a potion of mutation for 104 gold pieces
  6393 | D:8      | Lost mutation: You are occasionally teleported next to
                  | monsters. [potion of mutation]
  6393 | D:8      | Lost mutation: You are agile. (Dex +4, Str/Int -1) [potion
                  | of mutation]
  6393 | D:8      | Lost mutation: Your spells are a little harder to cast, but
                  | a little more powerful. [potion of mutation]
  6393 | D:8      | Gained mutation: You are strong-willed. (Will+) [potion of
                  | mutation]
  6393 | D:8      | Gained mutation: You have hidden genetic potential. [potion
                  | of mutation]
  6393 | D:8      | Gained mutation: You are partially covered in large bone
                  | plates. (SH +4) [potion of mutation]
  6393 | D:8      | Gained mutation: You have large cloven feet. [potion of
                  | mutation]
  6704 | D:8      | Found a broken altar of Ashenzari.
  7133 | D:8      | Reached *** piety under Okawaru
  7506 | D:9      | Reached skill level 8 in Ranged Weapons
  7508 | D:9      | HP: 1/80 [wyvern (11)]
  7509 | D:9      | Slain by a wyvern

Illustrated notes

Levels and vault maps discovered:
D:1:      nicolae_arrival_somewhat_less_tricky_arrival, layout_rooms,
          st_stairs_5, minmay_tromino_v7
D:2:      layout_rooms, ebering_ecumenical_altar_hall
D:3:      layout_loops_ring, mainiacjoe_overflow_tiny_flanked, led_sif_pool,
          minmay_joined_circles
D:4:      layout_loops_ring, mainiacjoe_overflow_surrounded_room
D:5:      layout_basic, serial_glass, glass_columns_a, glass_columns_a,
          glass_columns_a, glass_columns_b, glass_columns_a, glass_columns_c,
          glass_columns_c, glass_columns_b, glass_columns_b, glass_columns_b,
          glass_columns_b, glass_columns_a, glass_columns_a, glass_columns_a,
          uniq_pikel
D:6:      layout_cave_pools, amcnicky_altar_gilded, kiku_gazebo_garden_becter,
          minmay_temple_entry_ruins, roderic_cross_of_infinity, uniq_grinder,
          uniq_prince_ribbit1, uniq_duvessa
D:7:      layout_loops_ring, feat_on_display
D:8:      layout_basic, nicolae_ashenzari_skybound, lair_entry_dummy,
          nicolae_transmutations_shop, serial_bayou_pond_c,
          nicolae_eternal_life, uniq_maurice
D:9:      layout_rooms, marbit_many_paths, hangedman_decor_lopped,
          hangedman_glass_teeth
Temple:   hellmonk_temple_forest_ring

Skill      XL: |  1  2  3  4  5  6  7  8  9 10 |
---------------+-------------------------------+-----
Stealth        | 1 2 3 5 6 |  6.8
Dodging        | 2 3 4 5 6 7 |  7.2
Ranged Weapons | 4 5 6 7 8 |  8.0
Fighting       | 3 4 5 6 7 |  7.9
Armour         | 2 4 |  4.2

Action                     |  1- 3 |  4- 6 |  7- 9 | 10-12 || total
---------------------------+-------+-------+-------+-------++-------
   Fire: Shortbow          |   108 |   234 |    50 |       ||   392
         Arbalest          |       |       |   189 |    99 ||   288
    Use: Scroll            |       |    10 |     2 |     6 ||    18
         Potion            |       |     3 |       |     3 ||     6
 Armour: Leather armour    |    17 |    63 |    68 |    32 ||   180
  Dodge: Dodged            |    58 |   106 |   198 |   145 ||   507
  Block: Other             |       |       |       |    19 ||    19
